 Dungeon Crawl Stone Soup version 0.29.0-4-gdea44cf6ec (webtiles) character file.

Game seed: 11037093761549316572

141071 qw the Warrior (level 16, -32/160 HPs)
             Began as a Minotaur Berserker on Sept 8, 2022.
             Was a High Priest of Trog.
             Blown up by an orb spider (65 damage)
             ... with an orb of destruction
             ... on level 1 of the Spider Nest.
             The game lasted 00:11:31 (31719 turns).

qw the Warrior (Minotaur Berserker)                Turns: 31719, Time: 00:11:32

Health: -32/160    AC: 36    Str: 33    XL:     16   Next: 77%
Magic:  15/15      EV: 15    Int:  3    God:    Trog [*****.]
Gold:   441        SH:  6    Dex: 10    Spells: 15/15 levels left

rFire   + . .      SeeInvis .   B - +0 broad axe (vamp)
rCold   . . .      Faith    .   o - +0 buckler
rNeg    . . .      Spirit   .   t - +4 plate armour
rPois   +          Reflect  .   A - +2 hat
rElec   .          Harm     .   g - +2 cloak
rCorr   .          Rampage  .   p - +3 pair of gloves "Noxusk" {rPois}
Will    +....                   w - +2 pair of boots {Stlth+}
Stlth   ..........              D - amulet of regeneration
HPRegen 1.16/turn               C - +4 ring of slaying {mikee}
MPRegen 0.14/turn               y - +4 ring of evasion

@: about to teleport, on berserk cooldown, slowed, very slow
A: horns 2, retaliatory headbutt, talons 1, fire resistance 1, strong 1
a: Renounce Religion, Berserk, Trog's Hand, Brothers in Arms


You were on level 1 of the Spider Nest.
You worshipped Trog.
Trog was extremely pleased with you.
You visited 5 branches of the dungeon, and saw 26 of its levels.

You collected 2608 gold pieces.
You spent 2167 gold pieces at shops.


Innate Abilities, Weirdness & Mutations

You have a pair of horns on your head.
You reflexively headbutt those who attack you in melee.
You have sharp toenails.
Your flesh is heat resistant. (rF+)
Your muscles are strong. (Str +4, Int/Dex -1)


   Skills:
 + Level 19.2 Fighting
 - Level 18.0 Axes
 - Level 10.0 Throwing
 - Level 18.0 Armour
 - Level 9.0 Dodging
 - Level 12.0 Shields


You had 15 spell levels left.
You didn't know any spells.
Your spell library was empty.

Inventory:

Hand Weapons
 u - a +0 morningstar
 B - a +0 vampiric broad axe (weapon)
Missiles
 e - 3 silver boomerangs (quivered)
 f - 25 boomerangs
 I - 3 boomerangs of dispersal
Armour
 g - a +2 cloak (worn)
 o - a +0 buckler (worn)
 p - the +3 pair of gloves "Noxusk" (worn) {rPois}
   (You bought it in a shop on level 2 of the Orcish Mines)

   rPois:     It protects you from poison.
 q - a +10 plate armour of ponderousness
 r - the +0 cloak of Dogmatism {rPois}
   (You found it on level 3 of the Lair of Beasts)

   rPois:     It protects you from poison.
 t - a +4 plate armour (worn)
 w - a +2 pair of boots of stealth (worn)
 z - +0 fire dragon scales
 A - a +2 hat (worn)
Jewellery
 i - a ring of poison resistance
 v - a ring of fire
 y - a +4 ring of evasion (right hand)
 C - a +4 ring of slaying (left hand) {mikee}
 D - an amulet of regeneration (around neck)
 E - a ring of poison resistance
 Y - a ring of protection from fire
Wands
 F - a wand of digging (3)
Scrolls
 b - 7 scrolls of teleportation
 h - a scroll of brand weapon
 n - 16 scrolls of identify
Potions
 a - a potion of resistance
 c - 6 potions of haste
 j - 16 potions of curing
 k - 3 potions of might
 l - 2 potions of heal wounds
 m - 6 potions of mutation
 s - a potion of cancellation

Dungeon Overview and Level Annotations

Branches:
Dungeon (15/15)            Temple (0/1) D:6            Lair (5/5) D:9
 Shoals (3/4) Lair:2       Spider (1/4) Lair:2        Slime (0/5) Lair:5
    Orc (2/2) D:12            Elf (0/3) Orc:2        Vaults (0/5) D:13
 Depths (0/4) D:15

Altars:
Cheibriados
Elyvilon
Fedhas
Hepliaklqana
Nemelex Xobeh
Qazlal
Ru
Sif Muna
Trog
Xom
Yredelemnul
Jiyva

Shops:
D:8 !   Orc:2 [(*=   Shoals:1 *   Shoals:2 =

Portals:
Trove: D:13 (give 5 scrolls of butterflies)

Annotations:
D:1 1 transporter
D:4 2 transporters, qw's ghost, amateur MiFi
D:8 1 transporter
D:9 3 runed translucent doors, qw's ghost, journeyman GrBe
D:12 2 transporters, qw's ghost, novice DsCA
Lair:1 2 transporters, qw's ghost, novice GrBe
Shoals:1 3 runed translucent doors, Angmar's ghost, adept DrTm


Message History

You feel sick. Aizul hits you. Aizul freezes you!!
The orb spider weaves a glowing orb of energy.
An orb of destruction comes into view.
You slash the boulder beetle simulacrum!
The boulder beetle simulacrum is severely damaged.
You closely miss Aizul.
The sentinel's mark upon you fades away.
You slash the boulder beetle simulacrum!
The boulder beetle simulacrum is almost destroyed.
You closely miss Aizul.
You feel sick. Aizul hits you. Aizul freezes you!!
The boulder beetle simulacrum closely misses you.
You slice the boulder beetle simulacrum!!
The boulder beetle simulacrum vaporises!
You hit Aizul. The orb of destruction hits you!!!
The orb spider pulsates with a strange energy.
You block Aizul's attack.
You slice Aizul!!
Aizul is almost destroyed.
You feel sick.
The orb spider pulsates with a strange energy.
You slash Aizul!
Aizul vaporises!
You feel sick.
You are no longer poisoned.
The orb spider weaves a glowing orb of energy.
An orb of destruction comes into view.
You see here a wand of polymorph (3).
You feel a strong urge to attack something.
You are no longer berserk.
You are exhausted.
You feel yourself slow down.
The orb spider weaves a glowing orb of energy.
The wavering orb of destruction weakly hits you!
31719 ||| READING 8 scrolls of teleportation.
As you read the scroll of teleportation, it crumbles to dust.
You feel strangely unstable. The orb of destruction hits you!!!
You die...

##..%.##.....#..#
#.%%.......#....#
###..##....#....#.
#...#.%..0s.^(..
##)#^.....%[0..#.#.
#^........#.0......
##...##..##0..#..#.
#...##...#0(#...#
#. .....#@.# .#.. #
###...#s..^.#
##.#..#..#.#
#.####### ..


You could see 2 orb spiders.

Vanquished Creatures
  Nikola (Shoals:2)
  Mlioglotl (Spider:1)
  A sphinx (D:15)
  A storm dragon (D:15)
  Gastronok (Lair:3)
  Agnes (Spider:1)
  A tengu reaver (D:15)
  A frost giant (D:15)
  Ilsuiw (Shoals:2)
  2 emperor scorpions (Spider:1)
  Aizul (Spider:1)
  A stone giant (D:10)
  Nessos (D:13)
  2 dire elephants
  An entropy weaver (Spider:1)
  2 merfolk impalers
  A merfolk javelineer (Shoals:2)
  A fire dragon (D:15)
  Josephine (Lair:3)
  A great orb of eyes (D:15)
  Erolcha (D:13)
  5 hydras
  6 boulder beetles
  3 vault guards (D:13)
  A satyr (Shoals:2)
  2 centaur warriors
  2 merfolk aquamancers
  An alligator snapping turtle (Shoals:3)
  2 catoblepae
  7 two-headed ogres
  4 merfolk avatars
  A radroach (Spider:1)
  3 death yaks (Lair:5)
  3 orc high priests (Orc:2)
  2 pharaoh ants (Spider:1)
  2 steelbarb worms (Spider:1)
  An orb spider (Spider:1)
  7 sea snakes
  A wizard (D:10)
  7 harpies
  A lindwurm (shapeshifter) (D:13)
  15 ugly things
  8 orc knights
  2 deep elf pyromancers
  7 cyclopes
  3 oklob plants
  5 wolf spiders (Spider:1)
  16 manticores
  6 fauns
  4 orc sorcerers
  10 merfolk sirens
  A moth of wrath (Spider:1)
  Maurice (Orc:1)
  10 elephants
  A black mamba (Lair:5)
  8 water nymphs
  A naga mage (D:15)
  2 gargoyles (D:10)
  2 torpor snails (Spider:1)
  Joseph (D:7)
  13 cane toads
  2 yaktaurs (D:13)
  A kobold demonologist (D:12)
  11 komodo dragons
  2 rime drakes (Lair:5)
  3 tengu conjurers
  9 trolls
  13 merfolk
  7 wind drakes
  A hornet (Lair:5)
  4 tarantellas (Spider:1)
  2 polar bears (Lair:5)
  A blink frog (shapeshifter) (D:13)
  9 slime creatures
  10 dream sheep (Lair:3)
  5 snapping turtles
  Sigmund (D:3)
  3 jumping spiders (Spider:1)
  50 yaks
  10 water elementals
  A shadow (D:10)
  7 wraiths
  7 wyverns
  2 vampires
  3 culicivoras (Spider:1)
  4 basilisks
  3 steam dragons
  16 redbacks
  8 wargs
  2 acid dragons (D:10)
  11 water moccasins
  An ice beast (D:5)
  A sky beast (D:4)
  40 orc warriors
  6 wolves (Lair:2)
  5 ogres
  3 boggarts (D:15)
  2 centaurs
  A phantom (D:6)
  A kobold brigand (D:8)
  13 bullfrogs
  3 scorpions
  A necrophage (D:6)
  3 wights (D:10)
  A hornet simulacrum (D:15)
  6 killer bees (D:8)
  An electric eel (Lair:3)
  6 howler monkeys
  4 crimson imps (D:10)
  5 hounds
  2 jellies
  20 orc priests
  3 gnoll boudas
  4 hell rats (Lair:5)
  2 iguanas
  15 orc wizards
  Natasha (thrice) (D:2)
  16 gnolls
  7 adders
  2 shadow imps (D:6)
  2 white imps
  An ufetubus (D:5)
  A worm (D:5)
  A dart slug (D:2)
  66 orcs
  8 ball pythons
  2 bats
  3 endoplasms
  2 giant cockroaches
  6 goblins
  5 hobgoblins
  4 jackals (D:1)
  4 quokkas
  9 kobolds
  2 rats
702 creatures vanquished.

Vanquished Creatures (collateral kills)
  An orc warlord (Orc:2)
  A hydra (Lair:5)
  A merfolk avatar (Shoals:3)
  A manticore (Shoals:3)
  An elephant (Lair:5)
  A cane toad (Lair:5)
  A polar bear (Lair:4)
  A basilisk (Lair:4)
  A bullfrog (Lair:4)
9 creatures vanquished.

Vanquished Creatures (others)
  A centaur warrior (Shoals:2)
  An unseen horror (D:13)
  68 fungi
  121 plants
191 creatures vanquished.

Grand Total: 902 creatures vanquished

Notes
Turn   | Place    | Note
-------+----------+-------------------------------------------
     0 | D:1      | qw the Minotaur Berserker began the quest for the Orb.
     0 | D:1      | Reached XP level 1. HP: 19/19 MP: 0/0
     0 | D:1      | 0 ||| qw: Version: 0.1-a-112-g44dc6cd
     0 | D:1      | 0 ||| qw: Game counter: 6669
     0 | D:1      | 0 ||| qw: Always use a shield: true
     0 | D:1      | 0 ||| qw: Do Orc after D:15 true
     0 | D:1      | 0 ||| qw: Do second Lair branch before Depths: true
     0 | D:1      | 0 ||| qw: Lair rune preference: random
     0 | D:1      | 0 ||| qw: Plans: Normal
     0 | D:1      | 0 ||| PLANNING D:1-11
   173 | D:1      | Reached XP level 2. HP: 26/26 MP: 1/1
   437 | D:1      | 437 ||| DROPPING +0 mace.
   708 | D:1      | 708 ||| UPGRADING to ring of poison resistance.
   709 | D:1      | 709 ||| READING scroll labelled RIALEI GARHO.
   710 | D:1      | 710 ||| READING scroll labelled DOEBUI SOEV.
   853 | D:1      | 853 ||| READING scroll labelled ECZU FOWIOKHLAYSH.
   854 | D:1      | 854 ||| READING scroll labelled ZOIXOW NAGUKK.
   980 | D:2      | Noticed Natasha
   981 | D:2      | 981 ||| INVOKING Berserk.
   984 | D:2      | Killed Natasha
   985 | D:2      | Reached XP level 3. HP: 31/31 MP: 2/2
  1002 | D:2      | Noticed Natasha
  1006 | D:2      | Killed Natasha
  1119 | D:2      | Reached XP level 4. HP: 39/39 MP: 3/3
  1297 | D:2      | Noticed Natasha
  1300 | D:2      | 1300 ||| INVOKING Berserk.
  1301 | D:2      | Killed Natasha
  1418 | D:2      | Found a faded altar of an unknown god.
  1493 | D:2      | Reached skill level 6 in Axes
  1957 | D:2      | 1957 ||| UPGRADING to +0 leather armour.
  1967 | D:2      | 1967 ||| DROPPING +0 animal skin.
  1968 | D:2      | 1968 ||| UPGRADING to +0 ring mail.
  1978 | D:2      | 1978 ||| DROPPING +0 leather armour.
  1979 | D:2      | 1979 ||| READING scroll labelled KUCECY POLI.
  1982 | D:2      | 1982 ||| READING 2 scrolls labelled LAYLEF KAME.
  1983 | D:2      | 1983 ||| READING scroll labelled LIYMPU VUFA.
  1984 | D:2      | 1984 ||| DRINKING 2 glowing grey potions.
  1985 | D:2      | 1985 ||| DRINKING 2 brown potions.
  1986 | D:2      | 1986 ||| DROPPING scroll of poison.
  1987 | D:2      | 1987 ||| DROPPING potion of attraction.
  2027 | D:3      | Found a sacrificial altar of Ru.
  2030 | D:3      | Found a shimmering blue altar of Sif Muna.
  2035 | D:3      | 2035 ||| Stepping ~*~*~tactically~*~*~ (stealth).
  2044 | D:3      | Found a blossoming altar of Fedhas.
  2095 | D:3      | Noticed Sigmund
  2099 | D:3      | 2099 ||| INVOKING Berserk.
  2106 | D:3      | Killed Sigmund
  2107 | D:3      | Reached XP level 5. HP: 45/45 MP: 4/4
  2107 | D:3      | Reached XP level 6. HP: 51/51 MP: 5/5
  2255 | D:3      | 2255 ||| INVOKING Berserk.
  2259 | D:3      | Reached skill level 4 in Fighting
  2624 | D:3      | 2624 ||| SWAPPING to +2 vampiric hand axe.
  2625 | D:3      | 2625 ||| DROPPING +1 hand axe.
  2677 | D:3      | Found a hazy altar of Hepliaklqana.
  2709 | D:3      | Found a snail-covered altar of Cheibriados.
  2740 | D:3      | 2740 ||| READING scroll labelled GISHRUN DAGONE.
  2741 | D:3      | 2741 ||| DRINKING 2 bubbling silvery potions.
  2742 | D:3      | 2742 ||| DROPPING potion of brilliance.
  2747 | D:4      | Found a transporter.
  2752 | D:4      | Reached ** piety under Trog
  2753 | D:4      | 2753 ||| STAIRDANCE
  2805 | D:4      | Noticed qw's ghost (amateur MiFi)
  2807 | D:4      | Found a transporter.
  2927 | D:4      | 2927 ||| READING scroll of enchant weapon.
  2927 | D:4      | 2927 ||| ENCHANTING +2 vampiric hand axe.
  3663 | D:4      | 3663 ||| UPGRADING to +0 cloak.
  3668 | D:4      | 3668 ||| READING 2 scrolls labelled TIODWEX UQOF.
  3669 | D:4      | 3669 ||| DRINKING 2 grey potions.
  3669 | D:4      | Gained mutation: Your muscles are strong. (Str +4, Int/Dex
                  | -1) [potion of mutation]
  3669 | D:4      | Gained mutation: Your flesh is heat resistant. (rF+)
                  | [potion of mutation]
  3669 | D:4      | Gained mutation: You have sharp toenails. [potion of
                  | mutation]
  3699 | D:5      | Entered Level 5 of the Dungeon
  3739 | D:5      | Noticed an ice beast
  3743 | D:5      | 3743 ||| INVOKING Berserk.
  3746 | D:5      | Killed an ice beast
  3747 | D:5      | Reached skill level 9 in Axes
  3747 | D:5      | Reached XP level 7. HP: 59/59 MP: 6/6
  3856 | D:5      | 3856 ||| READING scroll of enchant armour.
  3856 | D:5      | 3856 ||| ENCHANTING +0 cloak.
  3892 | D:5      | 3892 ||| Stepping ~*~*~tactically~*~*~ (stealth).
  3893 | D:5      | 3893 ||| Stepping ~*~*~tactically~*~*~ (stealth).
  3894 | D:5      | 3894 ||| Stepping ~*~*~tactically~*~*~ (stealth).
  3920 | D:5      | 3920 ||| Stepping ~*~*~tactically~*~*~ (hiding).
  3937 | D:5      | 3937 ||| FLEEEEING.
  3941 | D:5      | 3941 ||| STAIRDANCE
  3975 | D:4      | 3975 ||| READING scroll labelled WIRAM DEECKY.
  3976 | D:4      | 3976 ||| READING scroll labelled IMOWU ONYO.
  3985 | D:5      | 3985 ||| STAIRDANCE
  3994 | D:4      | Reached skill level 5 in Fighting
  4219 | D:5      | Noticed a troll
  4223 | D:5      | 4223 ||| INVOKING Berserk.
  4226 | D:5      | Killed a troll
  4415 | D:5      | Found a sparkling altar of Nemelex Xobeh.
  4468 | D:5      | 4468 ||| INVOKING Berserk.
  4470 | D:5      | Reached XP level 8. HP: 70/70 MP: 7/7
  4472 | D:5      | Reached skill level 6 in Fighting
  4595 | D:5      | 4595 ||| DROPPING +0 flail.
  4623 | D:5      | 4623 ||| UPGRADING to ring of protection from cold.
  4624 | D:5      | 4624 ||| DRINKING 2 smoky coppery potions.
  4625 | D:5      | 4625 ||| READING 3 scrolls of identify.
  4625 | D:5      | 4625 ||| IDENTIFYING red potion
  4626 | D:5      | 4626 ||| READING 2 scrolls of identify.
  4626 | D:5      | 4626 ||| IDENTIFYING white potion
  4627 | D:5      | 4627 ||| DROPPING potion of magic.
  4628 | D:5      | 4628 ||| DROPPING potion of flight.
  4907 | D:6      | Found a staircase to the Ecumenical Temple.
  4927 | D:6      | Reached skill level 3 in Throwing
  4954 | D:6      | 4954 ||| Stepping ~*~*~tactically~*~*~ (hiding).
  4958 | D:6      | 4958 ||| INVOKING Berserk.
  5083 | D:6      | 5083 ||| INVOKING Berserk.
  5219 | D:6      | 5219 ||| READING scroll of enchant armour.
  5219 | D:6      | 5219 ||| ENCHANTING +1 cloak.
  5670 | D:6      | 5670 ||| INVOKING Berserk.
  5672 | D:6      | Reached skill level 12 in Axes
  5976 | D:6      | 5976 ||| READING scroll of enchant weapon.
  5976 | D:6      | 5976 ||| ENCHANTING +3 vampiric hand axe.
  6002 | D:6      | 6002 ||| UPGRADING to +0 chain mail.
  6012 | D:6      | 6012 ||| DROPPING +0 ring mail.
  6013 | D:6      | 6013 ||| READING 2 scrolls of identify.
  6013 | D:6      | 6013 ||| IDENTIFYING smoky golden potion
  6091 | D:7      | 6091 ||| DRINKING 5 potions of curing.
  6091 | D:7      | 6091 ||| (to cure confusion)
  6092 | D:7      | 6092 ||| INVOKING Berserk.
  6097 | D:7      | Reached skill level 3 in Armour
  6204 | D:7      | 6204 ||| DROPPING +4 flail of draining.
  6294 | D:7      | 6294 ||| INVOKING Berserk.
  6297 | D:7      | Reached XP level 9. HP: 75/75 MP: 8/8
  6442 | D:7      | Noticed Joseph
  6447 | D:7      | 6447 ||| INVOKING Berserk.
  6447 | D:7      | HP: 28/117 [Joseph/sling bullet (9)]
  6453 | D:7      | Killed Joseph
  6454 | D:7      | Reached skill level 7 in Fighting
  6711 | D:7      | 6711 ||| INVOKING Berserk.
  6887 | D:7      | 6887 ||| INVOKING Berserk.
  7016 | D:7      | Found a white marble altar of Elyvilon.
  7055 | D:7      | 7055 ||| INVOKING Berserk.
  7264 | D:7      | 7264 ||| Stepping ~*~*~tactically~*~*~ (hiding).
  7268 | D:7      | 7268 ||| INVOKING Berserk.
  7644 | D:7      | 7644 ||| READING 2 scrolls labelled QUZYPT JAL HIK.
  7645 | D:7      | 7645 ||| READING 2 scrolls of identify.
  7645 | D:7      | 7645 ||| IDENTIFYING bubbling red potion
  7646 | D:7      | 7646 ||| DROPPING potion of lignification.
  7647 | D:7      | 7647 ||| DROPPING scroll of vulnerability.
  7729 | D:8      | Reached skill level 8 in Fighting
  7729 | D:8      | 7729 ||| FLEEEEING.
  7730 | D:8      | 7730 ||| FLEEEEING.
  7731 | D:8      | 7731 ||| FLEEEEING.
  7732 | D:8      | 7732 ||| FLEEEEING.
  7733 | D:8      | 7733 ||| FLEEEEING.
  7734 | D:8      | 7734 ||| FLEEEEING.
  7735 | D:8      | 7735 ||| FLEEEEING.
  7736 | D:8      | 7736 ||| FLEEEEING.
  7737 | D:8      | 7737 ||| FLEEEEING.
  7738 | D:8      | 7738 ||| FLEEEEING.
  7739 | D:8      | 7739 ||| FLEEEEING.
  7740 | D:8      | 7740 ||| FLEEEEING.
  7741 | D:8      | 7741 ||| FLEEEEING.
  7742 | D:8      | 7742 ||| FLEEEEING.
  7743 | D:8      | 7743 ||| FLEEEEING.
  7744 | D:8      | 7744 ||| FLEEEEING.
  7745 | D:8      | 7745 ||| FLEEEEING.
  7746 | D:8      | 7746 ||| FLEEEEING.
  7747 | D:8      | 7747 ||| FLEEEEING.
  7748 | D:8      | 7748 ||| FLEEEEING.
  7749 | D:8      | 7749 ||| FLEEEEING.
  7750 | D:8      | 7750 ||| FLEEEEING.
  7751 | D:8      | 7751 ||| FLEEEEING.
  7752 | D:8      | 7752 ||| FLEEEEING.
  7753 | D:8      | 7753 ||| FLEEEEING.
  7754 | D:8      | 7754 ||| STAIRDANCE
  7826 | D:7      | 7826 ||| READING 2 scrolls of identify.
  7826 | D:7      | 7826 ||| IDENTIFYING glowing green potion
  7827 | D:7      | 7827 ||| DROPPING potion of berserk rage.
  7830 | D:8      | 7830 ||| STAIRDANCE
  7850 | D:8      | 7850 ||| Stepping ~*~*~tactically~*~*~ (stealth).
  7857 | D:8      | 7857 ||| Stepping ~*~*~tactically~*~*~ (hiding).
  7864 | D:8      | 7864 ||| INVOKING Berserk.
  7868 | D:8      | Reached *** piety under Trog
  7876 | D:8      | 7876 ||| Stepping ~*~*~tactically~*~*~ (stealth).
  7877 | D:8      | 7877 ||| Stepping ~*~*~tactically~*~*~ (stealth).
  7880 | D:8      | 7880 ||| Stepping ~*~*~tactically~*~*~ (stealth).
  7892 | D:8      | 7892 ||| Stepping ~*~*~tactically~*~*~ (hiding).
  7893 | D:8      | 7893 ||| Stepping ~*~*~tactically~*~*~ (stealth).
  7940 | D:8      | 7940 ||| Stepping ~*~*~tactically~*~*~ (stealth).
  7950 | D:8      | 7950 ||| Stepping ~*~*~tactically~*~*~ (stealth).
  7952 | D:8      | 7952 ||| Stepping ~*~*~tactically~*~*~ (hiding).
  8037 | D:8      | 8037 ||| Stepping ~*~*~tactically~*~*~ (stealth).
  8038 | D:8      | 8038 ||| Stepping ~*~*~tactically~*~*~ (stealth).
  8039 | D:8      | 8039 ||| Stepping ~*~*~tactically~*~*~ (stealth).
  8040 | D:8      | 8040 ||| Stepping ~*~*~tactically~*~*~ (stealth).
  8041 | D:8      | 8041 ||| Stepping ~*~*~tactically~*~*~ (stealth).
  8050 | D:8      | Found a stormy altar of Qazlal.
  8053 | D:8      | 8053 ||| INVOKING Berserk.
  8121 | D:8      | 8121 ||| READING scroll of enchant weapon.
  8121 | D:8      | 8121 ||| ENCHANTING +4 vampiric hand axe.
  8280 | D:8      | Found a transporter.
  8335 | D:8      | Reached XP level 10. HP: 89/89 MP: 9/9
  8580 | D:8      | Found Geteonej's Distillery.
  8588 | D:8      | 8588 ||| BUYING 2 potions of curing (60 gold).
  8588 | D:8      | Bought 2 potions of curing for 60 gold pieces
  8588 | D:8      | 8588 ||| BUYING potion of curing (30 gold).
  8588 | D:8      | Bought a potion of curing for 30 gold pieces
  8588 | D:8      | 8588 ||| BUYING potion of haste (100 gold).
  8588 | D:8      | Bought a potion of haste for 100 gold pieces
  8588 | D:8      | 8588 ||| BUYING potion of heal wounds (50 gold).
  8588 | D:8      | Bought a potion of heal wounds for 50 gold pieces
  8588 | D:8      | 8588 ||| BUYING potion of resistance (100 gold).
  8588 | D:8      | Bought a potion of resistance for 100 gold pieces
  8609 | D:8      | 8609 ||| UPGRADING to +1 chain mail of cold resistance.
  8619 | D:8      | 8619 ||| DROPPING +0 chain mail.
  8620 | D:8      | 8620 ||| UPGRADING to +0 plate armour.
  8630 | D:8      | 8630 ||| DROPPING +1 chain mail of cold resistance.
  8631 | D:8      | 8631 ||| UPGRADING to +2 pair of boots of stealth.
  8636 | D:8      | 8636 ||| DROPPING ring of protection from cold.
  8637 | D:8      | 8637 ||| UPGRADING to +4 ring of evasion.
  8639 | D:8      | 8639 ||| READING 2 scrolls of identify.
  8639 | D:8      | 8639 ||| IDENTIFYING murky white potion
  8671 | D:9      | 8671 ||| STAIRDANCE
  8674 | D:8      | Reached skill level 6 in Armour
  8680 | D:9      | 8680 ||| STAIRDANCE
  8733 | D:9      | Found a basalt altar of Yredelemnul.
  8832 | D:9      | Found a staircase to the Lair.
  8833 | D:9      | 8833 ||| Stepping ~*~*~tactically~*~*~ (hiding).
  8840 | D:9      | 8840 ||| Stepping ~*~*~tactically~*~*~ (hiding).
  8841 | D:9      | 8841 ||| Stepping ~*~*~tactically~*~*~ (hiding).
  8842 | D:9      | 8842 ||| Stepping ~*~*~tactically~*~*~ (hiding).
  8845 | D:9      | 8845 ||| Stepping ~*~*~tactically~*~*~ (hiding).
  8853 | D:9      | 8853 ||| INVOKING Berserk.
  8860 | D:9      | Reached skill level 9 in Fighting
  8894 | D:9      | 8894 ||| Stepping ~*~*~tactically~*~*~ (stealth).
  8897 | D:9      | 8897 ||| FLEEEEING.
  8898 | D:9      | 8898 ||| FLEEEEING.
  8904 | D:9      | 8904 ||| FLEEEEING.
  8905 | D:9      | 8905 ||| FLEEEEING.
  8906 | D:9      | 8906 ||| FLEEEEING.
  8907 | D:9      | 8907 ||| FLEEEEING.
  8908 | D:9      | 8908 ||| FLEEEEING.
  8909 | D:9      | 8909 ||| FLEEEEING.
  8912 | D:9      | 8912 ||| STAIRDANCE
  9028 | D:9      | 9028 ||| INVOKING Berserk.
  9053 | D:9      | 9053 ||| Stepping ~*~*~tactically~*~*~ (stealth).
  9063 | D:9      | 9063 ||| Stepping ~*~*~tactically~*~*~ (stealth).
  9166 | D:9      | 9166 ||| Stepping ~*~*~tactically~*~*~ (stealth).
  9172 | D:9      | 9172 ||| FLEEEEING.
  9173 | D:9      | 9173 ||| FLEEEEING.
  9175 | D:9      | 9175 ||| FLEEEEING.
  9176 | D:9      | 9176 ||| FLEEEEING.
  9177 | D:9      | 9177 ||| FLEEEEING.
  9178 | D:9      | 9178 ||| FLEEEEING.
  9179 | D:9      | 9179 ||| FLEEEEING.
  9180 | D:9      | 9180 ||| FLEEEEING.
  9181 | D:9      | 9181 ||| FLEEEEING.
  9182 | D:9      | 9182 ||| FLEEEEING.
  9183 | D:9      | 9183 ||| FLEEEEING.
  9184 | D:9      | 9184 ||| FLEEEEING.
  9185 | D:9      | 9185 ||| FLEEEEING.
  9186 | D:9      | 9186 ||| FLEEEEING.
  9187 | D:9      | 9187 ||| FLEEEEING.
  9188 | D:9      | 9188 ||| FLEEEEING.
  9189 | D:9      | 9189 ||| FLEEEEING.
  9190 | D:9      | 9190 ||| FLEEEEING.
  9191 | D:9      | 9191 ||| FLEEEEING.
  9192 | D:9      | 9192 ||| FLEEEEING.
  9193 | D:9      | 9193 ||| FLEEEEING.
  9194 | D:9      | 9194 ||| FLEEEEING.
  9195 | D:9      | 9195 ||| FLEEEEING.
  9520 | D:9      | Noticed a two-headed ogre
  9524 | D:9      | 9524 ||| INVOKING Berserk.
  9525 | D:9      | Killed a two-headed ogre
  9635 | D:9      | 9635 ||| READING 3 scrolls of enchant armour.
  9635 | D:9      | 9635 ||| ENCHANTING +0 plate armour.
  9636 | D:9      | 9636 ||| READING 2 scrolls of enchant armour.
  9636 | D:9      | 9636 ||| ENCHANTING +1 plate armour.
  9637 | D:9      | 9637 ||| READING scroll of enchant armour.
  9637 | D:9      | 9637 ||| ENCHANTING +2 plate armour.
  9683 | D:9      | 9683 ||| DRINKING 11 potions of curing.
  9683 | D:9      | 9683 ||| (to cure confusion)
  9773 | D:9      | Noticed a two-headed ogre
  9777 | D:9      | 9777 ||| INVOKING Berserk.
  9779 | D:9      | Killed a two-headed ogre
  9886 | D:9      | Found a runed translucent gate.
  9886 | D:9      | Found a runed translucent gate.
  9887 | D:9      | Found a runed translucent gate.
  9888 | D:9      | Noticed an 11-headed hydra
  9888 | D:9      | Noticed a nine-headed hydra
  9888 | D:9      | Noticed qw's ghost (journeyman GrBe)
  9926 | D:9      | 9926 ||| PLANNING LAIR
  9926 | D:9      | 9926 ||| READING scroll labelled RAEM XAZEOT.
  9927 | D:9      | 9927 ||| READING 4 scrolls of identify.
  9927 | D:9      | 9927 ||| IDENTIFYING murky coppery potion
 10045 | Lair:1   | Entered Level 1 of the Lair of Beasts
 10100 | Lair:1   | 10100 ||| INVOKING Berserk.
 10117 | Lair:1   | Reached skill level 10 in Fighting
 10137 | Lair:1   | Reached skill level 9 in Armour
 10137 | Lair:1   | Reached XP level 11. HP: 97/99 MP: 10/10
 10153 | Lair:1   | 10153 ||| Stepping ~*~*~tactically~*~*~ (stealth).
 10157 | Lair:1   | 10157 ||| Stepping ~*~*~tactically~*~*~ (stealth).
 10158 | Lair:1   | 10158 ||| Stepping ~*~*~tactically~*~*~ (stealth).
 10173 | Lair:1   | 10173 ||| INVOKING Berserk.
 10383 | Lair:1   | 10383 ||| INVOKING Berserk.
 10515 | Lair:1   | 10515 ||| Stepping ~*~*~tactically~*~*~ (stealth).
 10516 | Lair:1   | 10516 ||| Stepping ~*~*~tactically~*~*~ (stealth).
 10520 | Lair:1   | 10520 ||| Stepping ~*~*~tactically~*~*~ (stealth).
 10526 | Lair:1   | Reached skill level 11 in Fighting
 10565 | Lair:1   | Noticed a spriggan rider
 10566 | Lair:1   | Noticed a spriggan berserker
 10566 | Lair:1   | Found a bloodstained altar of Trog.
 10566 | Lair:1   | Noticed qw's ghost (novice GrBe)
 10607 | Lair:1   | 10607 ||| DRINKING 2 potions of cancellation.
 10661 | Lair:1   | Reached **** piety under Trog
 10761 | Lair:1   | Found a transporter.
 10765 | Lair:1   | Found a transporter.
 10804 | Lair:1   | 10804 ||| Stepping ~*~*~tactically~*~*~ (stealth).
 10807 | Lair:1   | 10807 ||| INVOKING Berserk.
 11208 | Lair:1   | 11208 ||| DROPPING +6 ring of intelligence.
 11308 | Lair:2   | Reached skill level 6 in Throwing
 11449 | Lair:2   | 11449 ||| INVOKING Berserk.
 11569 | Lair:2   | Found a hole to the Spider Nest.
 11859 | Lair:2   | Found a staircase to the Shoals.
 11925 | Lair:2   | Identified the +3 ring mail of Luteajy {rF+ Int+6}
 12071 | Lair:2   | 12071 ||| DROPPING amulet of magic regeneration.
 12072 | Lair:2   | 12072 ||| READING 5 scrolls of identify.
 12072 | Lair:2   | 12072 ||| IDENTIFYING smoky amethyst potion
 12073 | Lair:2   | 12073 ||| DROPPING potion of ambrosia.
 12100 | Lair:3   | Noticed an oklob plant
 12103 | Lair:3   | 12103 ||| INVOKING Berserk.
 12109 | Lair:3   | Killed an oklob plant
 12110 | Lair:3   | Reached skill level 12 in Fighting
 12182 | Lair:3   | 12182 ||| FLEEEEING.
 12183 | Lair:3   | 12183 ||| FLEEEEING.
 12184 | Lair:3   | 12184 ||| INVOKING Berserk.
 12189 | Lair:3   | Noticed an oklob plant
 12197 | Lair:3   | HP: 22/104 [oklob plant/splash of acid (10)]
 12198 | Lair:3   | 12198 ||| READING 6 scrolls of teleportation.
 12199 | Lair:3   | 12199 ||| DRINKING 5 potions of heal wounds.
 12437 | Lair:3   | Identified the +0 cloak of Dogmatism {rPois}
 12542 | Lair:3   | 12542 ||| Stepping ~*~*~tactically~*~*~ (stealth).
 12543 | Lair:3   | 12543 ||| INVOKING Berserk.
 12791 | Lair:3   | Noticed Gastronok
 12792 | Lair:3   | 12792 ||| Stepping ~*~*~tactically~*~*~ (hiding).
 12801 | Lair:3   | 12801 ||| INVOKING Berserk.
 12810 | Lair:3   | Killed Gastronok
 12987 | Lair:3   | Reached XP level 12. HP: 113/113 MP: 11/11
 13146 | Lair:3   | 13146 ||| INVOKING Berserk.
 13438 | Lair:3   | Reached skill level 13 in Fighting
 13688 | Lair:3   | 13688 ||| Stepping ~*~*~tactically~*~*~ (stealth).
 13786 | Lair:3   | Noticed Josephine
 13802 | Lair:3   | Reached skill level 12 in Armour
 13802 | Lair:3   | Killed Josephine
 13961 | Lair:3   | 13961 ||| Stepping ~*~*~tactically~*~*~ (stealth).
 14068 | Lair:3   | 14068 ||| READING scroll of enchant armour.
 14068 | Lair:3   | 14068 ||| ENCHANTING +3 plate armour.
 14081 | Lair:3   | 14081 ||| UPGRADING to +2 hat.
 14170 | Lair:4   | Noticed a four-headed hydra
 14171 | Lair:4   | 14171 ||| INVOKING Brothers in Arms.
 14174 | Lair:4   | 14174 ||| SWAPPING to +0 morningstar.
 14175 | Lair:4   | 14175 ||| INVOKING Berserk.
 14177 | Lair:4   | Killed a four-headed hydra
 14178 | Lair:4   | Reached skill level 14 in Fighting
 14189 | Lair:4   | 14189 ||| SWAPPING to +5 vampiric hand axe.
 14228 | Lair:4   | 14228 ||| Stepping ~*~*~tactically~*~*~ (stealth).
 14230 | Lair:4   | 14230 ||| Stepping ~*~*~tactically~*~*~ (stealth).
 14234 | Lair:4   | 14234 ||| INVOKING Berserk.
 14311 | Lair:4   | 14311 ||| Stepping ~*~*~tactically~*~*~ (stealth).
 14617 | Lair:4   | 14617 ||| INVOKING Berserk.
 14745 | Lair:4   | 14745 ||| Stepping ~*~*~tactically~*~*~ (stealth).
 14929 | Lair:4   | Noticed a catoblepas
 14931 | Lair:4   | 14931 ||| Stepping ~*~*~tactically~*~*~ (cloud).
 14934 | Lair:4   | 14934 ||| INVOKING Berserk.
 14950 | Lair:4   | Killed a catoblepas
 15133 | Lair:4   | 15133 ||| UPGRADING to +0 pair of gloves.
 15138 | Lair:4   | 15138 ||| READING 3 scrolls labelled ANAOGI GUNAH.
 15139 | Lair:4   | 15139 ||| DROPPING 2 scrolls of noise.
 15154 | Lair:5   | Entered Level 5 of the Lair of Beasts
 15156 | Lair:5   | 15156 ||| Stepping ~*~*~tactically~*~*~ (stealth).
 15158 | Lair:5   | 15158 ||| INVOKING Berserk.
 15162 | Lair:5   | Reached skill level 15 in Fighting
 15273 | Lair:5   | Found a staircase to the Slime Pits.
 15274 | Lair:5   | Found a viscous altar of Jiyva.
 15298 | Lair:5   | 15298 ||| INVOKING Berserk.
 15438 | Lair:5   | 15438 ||| Stepping ~*~*~tactically~*~*~ (stealth).
 15441 | Lair:5   | 15441 ||| Stepping ~*~*~tactically~*~*~ (stealth).
 15457 | Lair:5   | 15457 ||| Stepping ~*~*~tactically~*~*~ (stealth).
 15458 | Lair:5   | 15458 ||| Stepping ~*~*~tactically~*~*~ (stealth).
 15458 | Lair:5   | Noticed a dire elephant
 15459 | Lair:5   | 15459 ||| Stepping ~*~*~tactically~*~*~ (stealth).
 15460 | Lair:5   | 15460 ||| Stepping ~*~*~tactically~*~*~ (stealth).
 15476 | Lair:5   | 15476 ||| INVOKING Berserk.
 15482 | Lair:5   | Reached XP level 13. HP: 126/126 MP: 12/12
 15493 | Lair:5   | 15493 ||| Stepping ~*~*~tactically~*~*~ (stealth).
 15495 | Lair:5   | 15495 ||| Stepping ~*~*~tactically~*~*~ (stealth).
 15497 | Lair:5   | 15497 ||| Stepping ~*~*~tactically~*~*~ (stealth).
 15501 | Lair:5   | 15501 ||| INVOKING Brothers in Arms.
 15506 | Lair:5   | 15506 ||| SWAPPING to +0 morningstar.
 15507 | Lair:5   | Killed a dire elephant
 15509 | Lair:5   | 15509 ||| INVOKING Brothers in Arms.
 15510 | Lair:5   | 15510 ||| INVOKING Brothers in Arms.
 15511 | Lair:5   | 15511 ||| INVOKING Brothers in Arms.
 15512 | Lair:5   | 15512 ||| INVOKING Brothers in Arms.
 15514 | Lair:5   | Reached skill level 6 in Dodging
 15514 | Lair:5   | 15514 ||| SWAPPING to +5 vampiric hand axe.
 15721 | Lair:5   | 15721 ||| Stepping ~*~*~tactically~*~*~ (stealth).
 15755 | Lair:5   | 15755 ||| Stepping ~*~*~tactically~*~*~ (stealth).
 15764 | Lair:5   | 15764 ||| INVOKING Berserk.
 15840 | Lair:5   | 15840 ||| Stepping ~*~*~tactically~*~*~ (hiding).
 15865 | Lair:5   | 15865 ||| INVOKING Berserk.
 15878 | Lair:5   | 15878 ||| Stepping ~*~*~tactically~*~*~ (stealth).
 15893 | Lair:5   | 15893 ||| Stepping ~*~*~tactically~*~*~ (stealth).
 15917 | Lair:5   | Reached skill level 16 in Fighting
 16015 | Lair:5   | 16015 ||| INVOKING Berserk.
 16120 | Lair:5   | 16120 ||| INVOKING Trog's Hand.
 16138 | Lair:5   | 16138 ||| INVOKING Trog's Hand.
 16145 | Lair:5   | 16145 ||| Stepping ~*~*~tactically~*~*~ (stealth).
 16146 | Lair:5   | 16146 ||| Stepping ~*~*~tactically~*~*~ (stealth).
 16297 | Lair:5   | 16297 ||| Stepping ~*~*~tactically~*~*~ (hiding).
 16570 | Lair:5   | 16570 ||| Stepping ~*~*~tactically~*~*~ (stealth).
 16572 | Lair:5   | 16572 ||| Stepping ~*~*~tactically~*~*~ (hiding).
 16582 | Lair:5   | 16582 ||| INVOKING Berserk.
 16588 | Lair:5   | Reached skill level 15 in Armour
 16620 | Lair:5   | 16620 ||| Stepping ~*~*~tactically~*~*~ (stealth).
 16631 | Lair:5   | 16631 ||| FLEEEEING.
 16635 | Lair:5   | 16635 ||| FLEEEEING.
 16636 | Lair:5   | 16636 ||| INVOKING Brothers in Arms.
 16637 | Lair:5   | 16637 ||| SWAPPING to +0 morningstar.
 16638 | Lair:5   | 16638 ||| INVOKING Berserk.
 16651 | Lair:5   | 16651 ||| SWAPPING to +5 vampiric hand axe.
 16831 | Lair:5   | 16831 ||| Stepping ~*~*~tactically~*~*~ (stealth).
 16833 | Lair:5   | 16833 ||| Stepping ~*~*~tactically~*~*~ (stealth).
 16837 | Lair:5   | 16837 ||| Stepping ~*~*~tactically~*~*~ (stealth).
 16852 | Lair:5   | 16852 ||| INVOKING Berserk.
 17089 | Lair:5   | 17089 ||| INVOKING Berserk.
 17310 | Lair:5   | 17310 ||| Stepping ~*~*~tactically~*~*~ (stealth).
 17317 | Lair:5   | 17317 ||| INVOKING Berserk.
 17321 | Lair:5   | Reached skill level 17 in Fighting
 17432 | Lair:5   | 17432 ||| Stepping ~*~*~tactically~*~*~ (stealth).
 17449 | Lair:5   | 17449 ||| INVOKING Brothers in Arms.
 17450 | Lair:5   | 17450 ||| INVOKING Brothers in Arms.
 17451 | Lair:5   | 17451 ||| INVOKING Brothers in Arms.
 17452 | Lair:5   | 17452 ||| INVOKING Brothers in Arms.
 17453 | Lair:5   | 17453 ||| SWAPPING to +0 morningstar.
 17454 | Lair:5   | 17454 ||| INVOKING Berserk.
 17534 | Lair:5   | 17534 ||| SWAPPING to +5 vampiric hand axe.
 17766 | Lair:5   | 17766 ||| PLANNING D:1-11
 17766 | Lair:5   | 17766 ||| UPGRADING to +1 pair of gloves.
 17776 | Lair:5   | 17776 ||| DROPPING +0 pair of gloves.
 17946 | D:10     | Entered Level 10 of the Dungeon
 17991 | D:10     | Found a bloodstained altar of Trog.
 18011 | D:10     | 18011 ||| Stepping ~*~*~tactically~*~*~ (hiding).
 18031 | D:10     | Noticed a stone giant
 18032 | D:10     | 18032 ||| Stepping ~*~*~tactically~*~*~ (stealth).
 18034 | D:10     | 18034 ||| Stepping ~*~*~tactically~*~*~ (stealth).
 18036 | D:10     | 18036 ||| Stepping ~*~*~tactically~*~*~ (stealth).
 18044 | D:10     | 18044 ||| Stepping ~*~*~tactically~*~*~ (stealth).
 18045 | D:10     | 18045 ||| Stepping ~*~*~tactically~*~*~ (stealth).
 18054 | D:10     | 18054 ||| Stepping ~*~*~tactically~*~*~ (stealth).
 18062 | D:10     | 18062 ||| Stepping ~*~*~tactically~*~*~ (stealth).
 18063 | D:10     | 18063 ||| Stepping ~*~*~tactically~*~*~ (stealth).
 18100 | D:10     | Found the +10 dark maul {vorpal}
 18102 | D:10     | You fall into a shaft and drop 2 floors!
 18129 | D:12     | Found a staircase to the Orcish Mines.
 18149 | D:12     | 18149 ||| Stepping ~*~*~tactically~*~*~ (stealth).
 18168 | D:12     | 18168 ||| Stepping ~*~*~tactically~*~*~ (hiding).
 18176 | D:12     | Reached XP level 14. HP: 140/140 MP: 13/13
 18295 | D:12     | 18295 ||| INVOKING Berserk.
 18435 | D:12     | 18435 ||| SWAPPING to +0 morningstar.
 18436 | D:12     | 18436 ||| INVOKING Berserk.
 18442 | D:12     | 18442 ||| SWAPPING to +5 vampiric hand axe.
 18747 | D:12     | 18747 ||| Stepping ~*~*~tactically~*~*~ (stealth).
 18902 | D:12     | Noticed qw's ghost (novice DsCA)
 18912 | D:12     | Found a transporter.
 18949 | D:12     | Found a transporter.
 19061 | D:12     | 19061 ||| Stepping ~*~*~tactically~*~*~ (stealth).
 19163 | D:12     | 19163 ||| DROPPING +1 pair of boots.
 19232 | D:10     | 19232 ||| Stepping ~*~*~tactically~*~*~ (hiding).
 19316 | D:10     | 19316 ||| INVOKING Berserk.
 19321 | D:10     | Killed a stone giant
 19430 | D:10     | 19430 ||| Stepping ~*~*~tactically~*~*~ (stealth).
 19432 | D:10     | 19432 ||| INVOKING Berserk.
 19617 | D:10     | Found a shimmering altar of Xom.
 19619 | D:10     | 19619 ||| INVOKING Berserk.
 19637 | D:10     | Reached skill level 18 in Fighting
 19804 | D:10     | 19804 ||| Stepping ~*~*~tactically~*~*~ (stealth).
 19808 | D:10     | 19808 ||| Stepping ~*~*~tactically~*~*~ (hiding).
 19970 | D:10     | 19970 ||| Stepping ~*~*~tactically~*~*~ (stealth).
 20152 | D:10     | 20152 ||| Stepping ~*~*~tactically~*~*~ (stealth).
 20153 | D:10     | 20153 ||| Stepping ~*~*~tactically~*~*~ (stealth).
 20154 | D:10     | 20154 ||| READING 8 scrolls of teleportation.
 20348 | D:10     | 20348 ||| Stepping ~*~*~tactically~*~*~ (hiding).
 20353 | D:10     | 20353 ||| INVOKING Trog's Hand.
 20496 | D:11     | 20496 ||| SWAPPING to +0 broad axe.
 20497 | D:11     | 20497 ||| DROPPING +5 vampiric hand axe.
 20498 | D:11     | 20498 ||| READING 2 scrolls of brand weapon.
 20498 | D:11     | 20498 ||| BRANDING +0 broad axe.
 20921 | D:11     | 20921 ||| PLANNING D
 20921 | D:11     | 20921 ||| DROPPING scarf of invisibility.
 20922 | D:11     | 20922 ||| READING scroll labelled HALIETT DOULI.
 21102 | D:12     | 21102 ||| Stepping ~*~*~tactically~*~*~ (stealth).
 21150 | D:13     | Noticed Nessos
 21154 | D:13     | 21154 ||| DRINKING 2 potions of cancellation.
 21168 | D:13     | Killed Nessos
 21402 | D:13     | 21402 ||| INVOKING Berserk.
 21545 | D:13     | Reached skill level 15 in Axes
 21564 | D:13     | 21564 ||| INVOKING Berserk.
 21706 | D:13     | 21706 ||| READING scroll of enchant armour.
 21706 | D:13     | 21706 ||| ENCHANTING +1 pair of gloves.
 21736 | D:13     | 21736 ||| FLEEEEING.
 21737 | D:13     | 21737 ||| FLEEEEING.
 21738 | D:13     | 21738 ||| FLEEEEING.
 21739 | D:13     | 21739 ||| FLEEEEING.
 22049 | D:13     | 22049 ||| Stepping ~*~*~tactically~*~*~ (hiding).
 22050 | D:13     | 22050 ||| Stepping ~*~*~tactically~*~*~ (hiding).
 22151 | D:13     | 22151 ||| INVOKING Brothers in Arms.
 22152 | D:13     | 22152 ||| INVOKING Brothers in Arms.
 22153 | D:13     | 22153 ||| SWAPPING to +0 morningstar.
 22154 | D:13     | 22154 ||| INVOKING Berserk.
 22194 | D:13     | 22194 ||| SWAPPING to +0 vampiric broad axe.
 22560 | D:13     | Found a portal to a secret trove of treasure.
 22585 | D:13     | Noticed Erolcha
 22586 | D:13     | 22586 ||| INVOKING Trog's Hand.
 22588 | D:13     | 22588 ||| INVOKING Berserk.
 22591 | D:13     | Killed Erolcha
 22789 | D:13     | 22789 ||| INVOKING Trog's Hand.
 22792 | D:13     | 22792 ||| INVOKING Berserk.
 22924 | D:13     | Found a gate to the Vaults.
 22997 | D:13     | 22997 ||| Stepping ~*~*~tactically~*~*~ (hiding).
 22998 | D:13     | 22998 ||| Stepping ~*~*~tactically~*~*~ (hiding).
 23002 | D:13     | 23002 ||| INVOKING Berserk.
 23128 | D:13     | 23128 ||| DROPPING ring of positive energy.
 23129 | D:13     | 23129 ||| DROPPING ring of protection from cold.
 23130 | D:13     | 23130 ||| DROPPING +6 ring of strength.
 23131 | D:13     | 23131 ||| DRINKING 2 blue potions.
 23132 | D:13     | 23132 ||| DROPPING potion of degeneration.
 23205 | D:14     | 23205 ||| Stepping ~*~*~tactically~*~*~ (cloud).
 23206 | D:14     | 23206 ||| INVOKING Berserk.
 23585 | D:14     | 23585 ||| Stepping ~*~*~tactically~*~*~ (stealth).
 23587 | D:14     | 23587 ||| FLEEEEING.
 24057 | D:14     | 24057 ||| Stepping ~*~*~tactically~*~*~ (stealth).
 24080 | D:15     | Entered Level 15 of the Dungeon
 24112 | D:15     | 24112 ||| FLEEEEING.
 24113 | D:15     | 24113 ||| FLEEEEING.
 24114 | D:15     | 24114 ||| FLEEEEING.
 24181 | D:15     | 24181 ||| Stepping ~*~*~tactically~*~*~ (stealth).
 24182 | D:15     | 24182 ||| Stepping ~*~*~tactically~*~*~ (stealth).
 24183 | D:15     | 24183 ||| Stepping ~*~*~tactically~*~*~ (stealth).
 24185 | D:15     | 24185 ||| Stepping ~*~*~tactically~*~*~ (stealth).
 24224 | D:15     | Reached XP level 15. HP: 149/149 MP: 14/14
 24406 | D:15     | 24406 ||| Stepping ~*~*~tactically~*~*~ (stealth).
 24410 | D:15     | 24410 ||| INVOKING Berserk.
 24420 | D:15     | Noticed a tengu reaver
 24423 | D:15     | Noticed a frost giant
 24424 | D:15     | Reached skill level 18 in Axes
 24426 | D:15     | Noticed a storm dragon
 24427 | D:15     | Noticed a sphinx
 24429 | D:15     | 24429 ||| INVOKING Trog's Hand.
 24430 | D:15     | 24430 ||| DRINKING potion of resistance.
 24440 | D:15     | Killed a frost giant
 24445 | D:15     | Killed a sphinx
 24446 | D:15     | HP: 34/149 [tengu reaver/+0 long sword (6)]
 24447 | D:15     | 24447 ||| READING 8 scrolls of teleportation.
 24448 | D:15     | 24448 ||| DRINKING 9 potions of heal wounds.
 24456 | D:15     | HP: 34/149 [tengu reaver/bolt of acid (20)]
 24457 | D:15     | 24457 ||| READING 7 scrolls of teleportation.
 24458 | D:15     | 24458 ||| DRINKING 8 potions of heal wounds.
 24752 | D:15     | 24752 ||| Stepping ~*~*~tactically~*~*~ (stealth).
 24753 | D:15     | 24753 ||| Stepping ~*~*~tactically~*~*~ (stealth).
 24755 | D:15     | 24755 ||| Stepping ~*~*~tactically~*~*~ (stealth).
 24756 | D:15     | 24756 ||| Stepping ~*~*~tactically~*~*~ (stealth).
 24757 | D:15     | 24757 ||| Stepping ~*~*~tactically~*~*~ (stealth).
 24761 | D:15     | 24761 ||| INVOKING Berserk.
 24779 | D:15     | Killed a tengu reaver
 24783 | D:15     | Killed a storm dragon
 25015 | D:15     | 25015 ||| INVOKING Trog's Hand.
 25016 | D:15     | Found a staircase to the Depths.
 25021 | D:15     | 25021 ||| INVOKING Berserk.
 25286 | D:15     | 25286 ||| PLANNING ORC
 25286 | D:15     | 25286 ||| UPGRADING to +0 buckler.
 25291 | D:15     | 25291 ||| READING scroll labelled JINUEKUMAD.
 25427 | Orc:1    | Entered Level 1 of the Orcish Mines
 25433 | Orc:1    | 25433 ||| Stepping ~*~*~tactically~*~*~ (hiding).
 25553 | Orc:2    | Entered Level 2 of the Orcish Mines
 25566 | Orc:2    | Reached skill level 1 in Shields
 25572 | Orc:2    | 25572 ||| Stepping ~*~*~tactically~*~*~ (stealth).
 25577 | Orc:2    | 25577 ||| INVOKING Trog's Hand.
 25584 | Orc:2    | Found Acolamy's Antique Armour Shop.
 25585 | Orc:2    | 25585 ||| INVOKING Berserk.
 25703 | Orc:2    | 25703 ||| Stepping ~*~*~tactically~*~*~ (stealth).
 25732 | Orc:2    | 25732 ||| BUYING glowing orb (300 gold).
 25732 | Orc:2    | Bought a glowing orb for 300 gold pieces
 25732 | Orc:2    | 25732 ||| BUYING pair of fine gloves (237 gold).
 25732 | Orc:2    | Bought a pair of fine gloves for 237 gold pieces
 25732 | Orc:2    | Identified the +3 pair of gloves "Noxusk" {rPois} (You
                  | bought it in a shop on level 2 of the Orcish Mines)
 25732 | Orc:2    | 25732 ||| BUYING runed orb (300 gold).
 25732 | Orc:2    | Bought a runed orb for 300 gold pieces
 25814 | Orc:2    | Reached skill level 3 in Shields
 25825 | Orc:2    | 25825 ||| INVOKING Berserk.
 25832 | Orc:2    | Found Pydyar's General Store.
 25983 | Orc:2    | Found Jiumuowi's Jewellery Shop.
 26000 | Orc:2    | Reached ***** piety under Trog
 26035 | Orc:2    | 26035 ||| BUYING amulet of regeneration (510 gold).
 26035 | Orc:2    | Bought an amulet of regeneration for 510 gold pieces
 26035 | Orc:2    | 26035 ||| SHOPLISTING ring "Ziolukir" {Contam Fly rElec
                  | Str+3 Int+6} (897 gold, have 394).
 26035 | Orc:2    | 26035 ||| BUYING ring of poison resistance (340 gold).
 26035 | Orc:2    | Bought a ring of poison resistance for 340 gold pieces
 26060 | Orc:2    | Found a staircase to the Elven Halls.
 26077 | Orc:2    | 26077 ||| Stepping ~*~*~tactically~*~*~ (hiding).
 26079 | Orc:2    | 26079 ||| INVOKING Trog's Hand.
 26081 | Orc:2    | 26081 ||| INVOKING Berserk.
 26279 | Orc:2    | 26279 ||| INVOKING Berserk.
 26282 | Orc:2    | Noticed an orc warlord
 26288 | Orc:2    | Reached skill level 6 in Shields
 26303 | Orc:2    | 26303 ||| INVOKING Brothers in Arms.
 26306 | Orc:2    | 26306 ||| INVOKING Brothers in Arms.
 26307 | Orc:2    | Killed an orc warlord
 26435 | Orc:2    | Found Qiuxt's Antique Weapon Emporium.
 26576 | Orc:2    | 26576 ||| DROPPING orb of wrath.
 26577 | Orc:2    | 26577 ||| UPGRADING to +3 pair of gloves "Noxusk" {rPois}.
 26587 | Orc:2    | 26587 ||| REMOVING ring of poison resistance.
 26588 | Orc:2    | 26588 ||| DROPPING +2 pair of gloves.
 26589 | Orc:2    | 26589 ||| DROPPING orb of light.
 26590 | Orc:2    | 26590 ||| UPGRADING to amulet of regeneration.
 26595 | Orc:2    | 26595 ||| UPGRADING to ring of protection from fire.
 26596 | Orc:2    | 26596 ||| UPGRADING to +4 ring of slaying {mikee}.
 26636 | Orc:1    | 26636 ||| INVOKING Trog's Hand.
 26642 | Orc:1    | 26642 ||| INVOKING Berserk.
 26888 | Orc:1    | Noticed Maurice
 26908 | Orc:1    | Killed Maurice
 26927 | Orc:1    | 26927 ||| Stepping ~*~*~tactically~*~*~ (stealth).
 26936 | Orc:1    | 26936 ||| Stepping ~*~*~tactically~*~*~ (hiding).
 26937 | Orc:1    | 26937 ||| INVOKING Berserk.
 27180 | Orc:1    | 27180 ||| PLANNING SHOALS:1-3
 27270 | D:11     | 27270 ||| Stepping ~*~*~tactically~*~*~ (stealth).
 27271 | D:11     | 27271 ||| Stepping ~*~*~tactically~*~*~ (stealth).
 27394 | Shoals:1 | Entered Level 1 of the Shoals
 27395 | Shoals:1 | 27395 ||| INVOKING Trog's Hand.
 27399 | Shoals:1 | 27399 ||| INVOKING Berserk.
 27533 | Shoals:1 | 27533 ||| Stepping ~*~*~tactically~*~*~ (hiding).
 27675 | Shoals:1 | 27675 ||| INVOKING Berserk.
 27678 | Shoals:1 | Reached skill level 9 in Shields
 27789 | Shoals:1 | Found a runed translucent gate.
 27790 | Shoals:1 | Found a runed translucent gate.
 27791 | Shoals:1 | Found a runed translucent gate.
 27795 | Shoals:1 | Noticed Angmar's ghost (adept DrTm)
 27813 | Shoals:1 | Found Cukhluopp's General Store.
 27818 | Shoals:1 | 27818 ||| INVOKING Trog's Hand.
 27819 | Shoals:1 | 27819 ||| INVOKING Berserk.
 27828 | Shoals:1 | 27828 ||| BUYING potion of resistance (140 gold).
 27828 | Shoals:1 | Bought a potion of resistance for 140 gold pieces
 27966 | Shoals:1 | 27966 ||| INVOKING Berserk.
 28383 | Shoals:2 | 28383 ||| STAIRDANCE
 28417 | Shoals:2 | Found Jeocko's Jewellery Boutique.
 28441 | Shoals:2 | Identified the +1 helmet of the Pleiades {Harm *Corrode
                  | rPois SInv}
 28447 | Shoals:2 | 28447 ||| Stepping ~*~*~tactically~*~*~ (hiding).
 28531 | Shoals:2 | Noticed Nikola
 28532 | Shoals:2 | 28532 ||| INVOKING Brothers in Arms.
 28535 | Shoals:2 | 28535 ||| INVOKING Berserk.
 28548 | Shoals:2 | Killed Nikola
 28674 | Shoals:2 | Reached XP level 16. HP: 159/159 MP: 15/15
 28691 | Shoals:2 | Noticed Ilsuiw
 28694 | Shoals:2 | 28694 ||| Stepping ~*~*~tactically~*~*~ (water).
 28695 | Shoals:2 | 28695 ||| Stepping ~*~*~tactically~*~*~ (water).
 28699 | Shoals:2 | HP: 39/159 [merfolk javelineer/+0 spear[Ilsuiw] (4)]
 28700 | Shoals:2 | 28700 ||| DRINKING 8 potions of heal wounds.
 28702 | Shoals:2 | 28702 ||| DRINKING 7 potions of heal wounds.
 28702 | Shoals:2 | HP: 17/159 [merfolk javelineer/+0 spear[Ilsuiw] (8)]
 28703 | Shoals:2 | 28703 ||| DRINKING 6 potions of heal wounds.
 28704 | Shoals:2 | 28704 ||| DRINKING 5 potions of heal wounds.
 28707 | Shoals:2 | HP: 35/159 [merfolk javelineer/silver javelin[Ilsuiw] (5)]
 28708 | Shoals:2 | 28708 ||| READING 7 scrolls of teleportation.
 28709 | Shoals:2 | 28709 ||| DRINKING 4 potions of heal wounds.
 28813 | Shoals:2 | 28813 ||| Invisible monster not found???
 28856 | Shoals:2 | 28856 ||| INVOKING Berserk.
 29070 | Shoals:2 | 29070 ||| Stepping ~*~*~tactically~*~*~ (water).
 29103 | Shoals:2 | 29103 ||| Stepping ~*~*~tactically~*~*~ (stealth).
 29105 | Shoals:2 | 29105 ||| Stepping ~*~*~tactically~*~*~ (hiding).
 29109 | Shoals:2 | 29109 ||| Stepping ~*~*~tactically~*~*~ (hiding).
 29112 | Shoals:2 | 29112 ||| Stepping ~*~*~tactically~*~*~ (hiding).
 29116 | Shoals:2 | 29116 ||| Stepping ~*~*~tactically~*~*~ (hiding).
 29117 | Shoals:2 | 29117 ||| INVOKING Berserk.
 29144 | Shoals:2 | 29144 ||| Stepping ~*~*~tactically~*~*~ (water).
 29152 | Shoals:2 | HP: 26/159 [merfolk javelineer/silver javelin[Ilsuiw] (18)]
 29153 | Shoals:2 | 29153 ||| DRINKING 3 potions of heal wounds.
 29154 | Shoals:2 | 29154 ||| DRINKING 2 potions of heal wounds.
 29157 | Shoals:2 | 29157 ||| READING 6 scrolls of teleportation.
 29157 | Shoals:2 | HP: 28/159 [faun/+3 spear (13)]
 29158 | Shoals:2 | 29158 ||| DRINKING potion of heal wounds.
 29175 | Shoals:2 | 29175 ||| INVOKING Berserk.
 29263 | Shoals:2 | 29263 ||| Invisible monster not found???
 29321 | Shoals:2 | 29321 ||| INVOKING Trog's Hand.
 29425 | Shoals:2 | 29425 ||| Stepping ~*~*~tactically~*~*~ (stealth).
 29427 | Shoals:2 | 29427 ||| Stepping ~*~*~tactically~*~*~ (hiding).
 29473 | Shoals:2 | 29473 ||| INVOKING Berserk.
 29645 | Shoals:2 | 29645 ||| Stepping ~*~*~tactically~*~*~ (hiding).
 29646 | Shoals:2 | 29646 ||| Stepping ~*~*~tactically~*~*~ (hiding).
 29655 | Shoals:2 | Reached skill level 9 in Throwing
 29898 | Shoals:2 | 29898 ||| INVOKING Berserk.
 29910 | Shoals:2 | Killed Ilsuiw
 30105 | Shoals:3 | 30105 ||| Stepping ~*~*~tactically~*~*~ (hiding).
 30228 | Shoals:3 | 30228 ||| Stepping ~*~*~tactically~*~*~ (hiding).
 30229 | Shoals:3 | 30229 ||| Stepping ~*~*~tactically~*~*~ (hiding).
 30272 | Shoals:3 | 30272 ||| Stepping ~*~*~tactically~*~*~ (hiding).
 30273 | Shoals:3 | 30273 ||| Stepping ~*~*~tactically~*~*~ (hiding).
 30275 | Shoals:3 | 30275 ||| Stepping ~*~*~tactically~*~*~ (hiding).
 30277 | Shoals:3 | 30277 ||| INVOKING Berserk.
 30453 | Shoals:3 | 30453 ||| INVOKING Berserk.
 30723 | Shoals:3 | 30723 ||| INVOKING Berserk.
 30736 | Shoals:3 | Reached skill level 19 in Fighting
 30761 | Shoals:3 | 30761 ||| FLEEEEING.
 30790 | Shoals:3 | 30790 ||| INVOKING Berserk.
 30811 | Shoals:3 | 30811 ||| INVOKING Trog's Hand.
 30812 | Shoals:3 | 30812 ||| INVOKING Brothers in Arms.
 30840 | Shoals:3 | 30840 ||| INVOKING Trog's Hand.
 30853 | Shoals:3 | 30853 ||| Stepping ~*~*~tactically~*~*~ (hiding).
 30857 | Shoals:3 | 30857 ||| INVOKING Berserk.
 31034 | Shoals:3 | 31034 ||| INVOKING Berserk.
 31176 | Shoals:3 | 31176 ||| PLANNING SPIDER:1-3
 31176 | Shoals:3 | 31176 ||| DROPPING +6 ring of dexterity.
 31177 | Shoals:3 | 31177 ||| DROPPING ring of ice.
 31178 | Shoals:3 | 31178 ||| READING 17 scrolls of identify.
 31178 | Shoals:3 | 31178 ||| IDENTIFYING amethyst potion
 31179 | Shoals:3 | 31179 ||| DROPPING potion of invisibility.
 31281 | Spider:1 | Entered Level 1 of the Spider Nest
 31382 | Spider:1 | 31382 ||| Stepping ~*~*~tactically~*~*~ (stealth).
 31384 | Spider:1 | 31384 ||| Stepping ~*~*~tactically~*~*~ (stealth).
 31385 | Spider:1 | 31385 ||| Stepping ~*~*~tactically~*~*~ (stealth).
 31408 | Spider:1 | Noticed Mlioglotl
 31409 | Spider:1 | 31409 ||| Stepping ~*~*~tactically~*~*~ (stealth).
 31434 | Spider:1 | Killed Mlioglotl
 31435 | Spider:1 | Reached skill level 18 in Armour
 31488 | Spider:1 | 31488 ||| Stepping ~*~*~tactically~*~*~ (hiding).
 31490 | Spider:1 | 31490 ||| Stepping ~*~*~tactically~*~*~ (hiding).
 31492 | Spider:1 | 31492 ||| INVOKING Brothers in Arms.
 31548 | Spider:1 | 31548 ||| Stepping ~*~*~tactically~*~*~ (stealth).
 31590 | Spider:1 | 31590 ||| INVOKING Berserk.
 31610 | Spider:1 | 31610 ||| Stepping ~*~*~tactically~*~*~ (stealth).
 31612 | Spider:1 | 31612 ||| Stepping ~*~*~tactically~*~*~ (stealth).
 31637 | Spider:1 | 31637 ||| Stepping ~*~*~tactically~*~*~ (stealth).
 31661 | Spider:1 | Noticed Agnes
 31664 | Spider:1 | 31664 ||| INVOKING Berserk.
 31670 | Spider:1 | Killed Agnes
 31671 | Spider:1 | Reached skill level 12 in Shields
 31683 | Spider:1 | Noticed Aizul
 31692 | Spider:1 | Reached skill level 9 in Dodging
 31705 | Spider:1 | Killed Aizul
 31713 | Spider:1 | HP: 60/240 [disintegration[a torpor snail] (51)]
 31718 | Spider:1 | HP: 31/160 [disintegration[a torpor snail] (10)]
 31719 | Spider:1 | 31719 ||| READING 8 scrolls of teleportation.
 31719 | Spider:1 | Blown up by an orb spider

Levels and vault maps discovered:
D:1:      spicycebolla_arrival_risky_transporter, layout_basic
D:2:      layout_loops_corners, hellmonk_ecumenical_altar_run_dry, uniq_natasha
D:3:      layout_rooms, mainiacjoe_overflow_cross_hatched,
          mainiacjoe_overflow_alcove_4, chei_slow_surprise,
          mainiacjoe_overflow_catch_the_wave, uniq_sigmund
D:4:      layout_basic, gammafunk_ghost_smash
D:5:      layout_rooms, mainiacjoe_overflow_brackets, serial_glass,
          glass_columns_c, glass_columns_a, minmay_strange_pillars,
          item_on_display_a, minmay_strange_pillars, item_on_display_a
D:6:      layout_basic, minmay_temple_entry_stoned_glass, serial_glass,
          glass_columns_b, glass_columns_a
D:7:      kennysheep_steamy, layout_basic, lemuel_doored_altar, uniq_joseph
D:8:      gammafunk_jiyva_shrine, layout_basic, mainiacjoe_overflow_chevrons,
          serial_shops, shop
D:9:      layout_cave_pods, pf_just_have_faith, erik_lair_orcish_takeover,
          gammafunk_ghost_hydra_chop
D:10:     minmay_roctagon, layout_irregular_city, led_xom_imps, trog_book,
          library_closet, st_stairs_11, lightli_wizard_tower
D:11:     layout_irregular_city
D:12:     layout_roguey, david_orc_1_choice, gammafunk_ghost_berserking_beasts,
          hangedman_decor_growths
D:13:     layout_gridville, grunt_vaults_entry_fortified,
          nicolae_trove_entry_free_sample, uniq_nessos, uniq_erolcha
D:14:     layout_long_grid, chequers_serial_rivers_large_b
D:15:     hangedman_depths_entry_try_elsewhere_first, layout_basic,
          minivault_26, minmay_radiant
Lair:1:   layout_loops_ring, gammafunk_ghost_wrathful_warriors, minivault_25
Lair:2:   layout_regular_city, minmay_shoals_entry_lonely_mermaid,
          spider_nest_entry_webs, lemuel_fruit_fields
Lair:3:   dpeg_oklob_shooting_range, layout_hall_layers,
          infiniplex_staircase_pool, uniq_gastronok, uniq_josephine
Lair:4:   layout_concentric_octagons, infiniplex_staircase_pool_2,
          grunt_megastairs_5
Lair:5:   gammafunk_lair_ancient_temple, layout_layer_cave, slime_entry_1,
          minmay_lair_oklob_items
Shoals:1: layout_shoals, gammafunk_ghost_necromancy, serial_shops, shop
Shoals:2: layout_shoals, minmay_shop_enchanted_jewellery, uniq_ilsuiw,
          uniq_nikola
Shoals:3: layout_shoals
Spider:1: layout_spider_delve, hangedman_spider_tarantella_strand, uniq_aizul,
          uniq_agnes, uniq_mlioglotl, uniq_roxanne
Orc:1:    layout_caves, uniq_maurice
Orc:2:    grunt_orc_gardens, layout_diamond_mine, grunt_orc_garden,
          grunt_orc_garden, grunt_orc_garden, grunt_orc_garden

Skill      XL: |  1  2  3  4  5  6  7  8  9 10 11 12 13 14 15 16 |
---------------+-------------------------------------------------+-----
Axes           | 4 5 7 9 10 12 14 17 18 | 18.0
Throwing       | 2 3 4 5 7 8 10 | 10.0
Fighting       | 4 5 6 8 10 12 15 17 18 19 | 19.2
Armour         | 4 5 9 11 13 15 16 17 18 | 18.0
Dodging        | 4 5 6 7 9 |  9.0
Shields        | 11 12 | 12.0

Action                   |  1- 3 |  4- 6 |  7- 9 | 10-12 | 13-15 | 16-18 || total
-------------------------+-------+-------+-------+-------+-------+-------++-------
Melee: Hand axe          |    26 |    50 |   185 |   389 |   378 |       ||  1028
       Headbutt          |     3 |    11 |    24 |    84 |   260 |    82 ||   464
       Punch             |       |     2 |     1 |     7 |     9 |       ||    19
       Kick              |       |       |    48 |     2 |       |       ||    50
       Morningstar       |       |       |       |     6 |    16 |       ||    22
       Broad axe         |       |       |       |       |   650 |   396 ||  1046
Throw: Javelin           |     7 |    41 |    28 |   115 |    50 |    15 ||   256
       Boomerang         |       |       |     1 |    12 |   139 |     9 ||   161
Invok: Berserk           |     1 |     4 |    14 |    21 |    35 |    13 ||    88
       Brothers in Arms  |       |       |       |     1 |     8 |     2 ||    11
       Trog's Hand       |       |       |       |       |    12 |     3 ||    15
  Use: Scroll            |     4 |     6 |    12 |    10 |     7 |     4 ||    43
       Potion            |       |     4 |     2 |     3 |     5 |     8 ||    22
 Stab: Distracted        |       |       |       |       |     3 |       ||     3
Armor: Animal skin       |    11 |     1 |       |       |       |       ||    12
       Ring mail         |       |     7 |    14 |       |       |       ||    21
       Chain mail        |       |       |    52 |     1 |       |       ||    53
       Plate armour      |       |       |       |   126 |   563 |   272 ||   961
Dodge: Dodged            |    18 |    16 |    91 |   144 |   497 |   222 ||   988
Block: Buckler           |       |       |       |       |    60 |    98 ||   158

Table legend:
 A = Non-vault XP
 B = Vault XP
 C = Vault XP percentage of total XP
 D = Non-vault monster count
 E = Vault monster count
 F = Vault count percentage of total count
                 A         B        C        D         E       F
            +---------+---------+-------+---------+---------+-------
      Total |  139099 |   62431 |  31.0 |     579 |     133 |  18.7
            +---------+---------+-------+---------+---------+-------
        D:1 |      20 |       0 |   0.0 |      11 |       0 |   0.0
        D:2 |     124 |      35 |  22.0 |      20 |       1 |   4.8
        D:3 |      95 |     226 |  70.4 |      10 |       1 |   9.1
        D:4 |     256 |       0 |   0.0 |      14 |       0 |   0.0
        D:5 |     778 |       0 |   0.0 |      18 |       0 |   0.0
        D:6 |     904 |       0 |   0.0 |      22 |       0 |   0.0
        D:7 |     858 |     766 |  47.2 |      29 |       3 |   9.4
        D:8 |    1867 |       0 |   0.0 |      31 |       0 |   0.0
        D:9 |    2654 |     633 |  19.3 |      14 |       9 |  39.1
       D:10 |    3064 |    7187 |  70.1 |      18 |      16 |  47.1
       D:11 |    3105 |       0 |   0.0 |      10 |       0 |   0.0
       D:12 |    4591 |     708 |  13.4 |      15 |       9 |  37.5
       D:13 |    8151 |    6673 |  45.0 |      16 |      10 |  38.5
       D:14 |    6771 |       0 |   0.0 |      14 |       0 |   0.0
       D:15 |    8470 |    8468 |  50.0 |      26 |       8 |  23.5
     Lair:1 |    5785 |       0 |   0.0 |      27 |       0 |   0.0
     Lair:2 |    1074 |     690 |  39.1 |       7 |       2 |  22.2
     Lair:3 |    7262 |    4462 |  38.1 |      28 |       9 |  24.3
     Lair:4 |    6956 |      93 |   1.3 |      23 |       1 |   4.2
     Lair:5 |   11323 |   12586 |  52.6 |      34 |      27 |  44.3
   Shoals:1 |   13284 |       0 |   0.0 |      25 |       0 |   0.0
   Shoals:2 |   11901 |    5084 |  29.9 |      27 |       5 |  15.6
   Shoals:3 |   15346 |       0 |   0.0 |      34 |       0 |   0.0
   Spider:1 |   17666 |    4627 |  20.8 |      42 |       4 |   8.7
      Orc:1 |    4178 |     496 |  10.6 |      31 |       1 |   3.1
      Orc:2 |    2616 |    9697 |  78.8 |      33 |      27 |  45.0
            +---------+---------+-------+---------+---------+-------
